 Dungeon Crawl Stone Soup version 0.30-a0-622-gddc90eaa04 (webtiles) character file.

Game seed: 17291489917228879783

24509 avis the Nimble (level 12, 0/104 HPs)
             Began as a Demigod Ice Elementalist on Jan 10, 2023.
             Slain by a death yak (19 damage)
             ... on level 2 of the Lair of Beasts on Jan 11, 2023.
             The game lasted 02:11:00 (19636 turns).

avis the Nimble (Demigod Ice Elementalist)         Turns: 19636, Time: 02:11:00

Health: 0/104      AC: 11    Str:  9    XL:     12   Next: 46%
Magic:  4/21       EV: 30    Int: 17    God:
Gold:   844        SH:  8    Dex: 30    Spells: 12/19 levels left

rFire   . . .      SeeInvis .    b - +0 sling (flame)
rCold   + . .      Faith    .    z - +0 buckler
rNeg    . . .      Spirit   .    R - +0 robe {rC+}
rPois   .          Reflect  .    x - +0 helmet
rElec   .          Harm     .    (no cloak)
rCorr   .          Rampage  .    N - +0 pair of gloves
Will    +....                    P - +0 pair of boots
Stlth   +++                      (no amulet)
HPRegen 0.37/turn                B - +5 ring of evasion
MPRegen 0.17/turn                (no ring)

@: ice-armoured, freezing walls, hasted, very quick
A: high MP 1, forlorn, divine attributes
a: no special abilities


You were on level 2 of the Lair of Beasts.
You visited 3 branches of the dungeon, and saw 14 of its levels.
You also visited: Ossuary.

You collected 1240 gold pieces.
You spent 396 gold pieces at shops.

Inventory:

Hand Weapons
 a - a +0 falchion of holy wrath
 b - a +0 sling of flaming (weapon)
 w - a +3 falchion
Armour
 x - a +0 helmet (worn)
 z - a +0 buckler (worn)
 N - a +0 pair of gloves (worn)
 P - a +0 pair of boots (worn)
 R - a +0 robe of cold resistance (worn)
Jewellery
 i - a ring of fire
 l - a ring of see invisible
 B - a +5 ring of evasion (left hand)
Wands
 n - a wand of digging (1)
 F - a wand of polymorph (5)
 K - a wand of flame (10)
 M - a wand of acid (4)
 Q - a wand of roots (7)
Scrolls
 c - 2 scrolls of enchant weapon {unknown}
 e - 3 scrolls of teleportation {unknown}
 f - 2 scrolls of enchant armour {unknown}
 g - a scroll of identify
 o - 3 scrolls of poison {unknown}
 q - 4 scrolls of magic mapping
 r - 2 scrolls of fog {unknown}
 s - 2 scrolls of fear {unknown}
 A - a scroll of immolation {unknown}
 J - 2 scrolls of blinking
Potions
 d - a potion of mutation
 h - a potion of brilliance {unknown}
 j - 2 potions of berserk rage
 k - 5 potions of curing
 m - 3 potions of flight
 t - 7 potions of magic
 u - 2 potions of cancellation
 v - 3 potions of lignification
 C - 5 potions of ambrosia
 E - 5 potions of might
 H - a potion of resistance
 I - 3 potions of attraction {unknown}


   Skills:
 - Level 9.0 Fighting
 - Level 8.0 Long Blades
 * Level 6.9 Ranged Weapons
 - Level 12.0 Dodging
 - Level 2.0 Stealth
 - Level 6.0 Shields
 - Level 4.0 Spellcasting
 - Level 6.0 Ice Magic


You had 12 spell levels left.
You knew the following spells:

 Your Spells              Type           Power      Damage    Failure   Level
a - Freeze                Ice            92%        1d9       1%          1
o - Ozocubu's Armour      Ice            23%        N/A       4%          3
r - Frozen Ramparts       Ice            46%        1d7       4%          3

Your spell library contained the following spells:

 Spells                   Type           Power      Damage    Failure   Level
 Apportation              Tloc           6%         N/A       21%         1
 Foxfire                  Conj/Fire      12%        2x1d4     21%         1
 Sublimation of Blood     Necr           3%         N/A       30%         2
 Summon Ice Beast         Ice/Summ       13%        N/A       50%         4
 Call Canine Familiar     Summ           3%         N/A       52%         3
 Portal Projectile        Hex/Tloc       6%         N/A       52%         3
 Leda's Liquefaction      Hex/Erth       1%         N/A       89%         4
 Petrify                  Tmut/Erth      3%         N/A       89%         4
 Alistair's Intoxication  Tmut/Pois      2%         N/A       99%         5
 Fireball                 Conj/Fire      1%         3d3       99%         5
 Irradiate                Conj/Tmut      1%         3d12      99%         5
 Summon Forest            Summ/Tloc      1%         N/A       99%         5
 Summon Mana Viper        Hex/Summ       3%         N/A       99%         5
 Conjure Ball Lightning   Conj/Air       1%         3x3d6     100%        6
 Starburst                Conj/Fire      1%         6d3       100%        6
 Summon Cactus Giant      Summ           1%         N/A       100%        6
 Discord                  Hex            1%         N/A       100%        8
 Disjunction              Tloc           1%         N/A       100%        8


Dungeon Overview and Level Annotations

Branches:
Dungeon (10/15)            Temple (1/1) D:7            Lair (3/5) D:10
  Swamp (0/4) Lair:2        Snake (0/4) Lair:2          Orc (0/2) D:10
Ossuary (visited)

Shops:
D:9 *


Innate Abilities, Weirdness & Mutations

You have an increased reservoir of magic. (+10% MP)
You shall have no god before yourself.
Your divine heritage dramatically boosts your attributes as you level up.


Message History

Aim: a death yak (almost dead, 84% to hit)
Okay, then.
You feel better.
The frozen ramparts melt away.
Your magical contamination has completely faded away.
Fire: b) +0 sling (flame)
Press: ? - help, Q - select action, (/) - cycle Shift-Dir - straight line, f/p - death yak
Aim: a death yak (almost dead, 84% to hit)
You shoot a sling bullet.
The sling bullet hits the death yak but does no damage.
The death yak is almost dead.
You block the death yak's attack.
You feel better. The death yak completely misses you.
Fire: b) +0 sling (flame)
Press: ? - help, Q - select action, (/) - cycle Shift-Dir - straight line, f/p - death yak
Aim: a death yak (severely wounded, 84% to hit)
You shoot a sling bullet.
The sling bullet hits the death yak but does no damage.
The death yak is severely wounded.
The death yak completely misses you.
Fire: b) +0 sling (flame)
Press: ? - help, Q - select action, (/) - cycle Shift-Dir - straight line, f/p - death yak
Aim: a death yak (severely wounded, 84% to hit)
You shoot a sling bullet.
The sling bullet hits the death yak but does no damage.
The death yak is severely wounded.
Fire: b) +0 sling (flame)
Press: ? - help, Q - select action, (/) - cycle Shift-Dir - straight line, f/p - death yak
Aim: a death yak (severely wounded, 84% to hit)
You shoot a sling bullet. The sling bullet hits the death yak.
The sling bullet burns the death yak.
The death yak is almost dead.
The death yak barely misses you.
Casting: Frozen Ramparts (mildly dangerous; 4% risk of failure)
Confirm with . or Enter, or press ? or * to list all spells.
Casting: Frozen Ramparts (mildly dangerous; 4% risk of failure)
Press: ? - help, Dir - look around, f - activate The walls around you are covered in ice.
The wall freezes the death yak but does no damage.
The death yak gores you!!
You die...

§~~♣♣♣.y...YPPY..#....##...P...#.
§~≈~♣♣....<....#..#......P.#.....
>≈~~♣♣...................#.......
§~~~♣.........<...#......#.P.....
~~~~♣.#..........#...............
~~♣~♣.#...........#..............
♣♣♣♣.....................#...P...
.♣♣...#.....#..#...........#.....
..P.........#..#@#...............
............#..#Y##..........#...
..#....#....#....#.......#.......
....###........#.................
...##.#..........>.......PP......
...#...........#.......#.........
...#..#...............##.......[.
...####...............##.........
.....#........###....###.#....##.


You could see a death yak.

Vanquished Creatures
  A hydra (Lair:2)
  A two-headed ogre (D:9)
  8 death yaks
  Pikel (D:4)
  6 black mambas
  2 rime drakes
  5 cane toads
  6 komodo dragons
  A queen bee (Lair:1)
  Grinder (D:6)
  A hornet (D:7)
  Prince Ribbit (D:8)
  2 wraiths (D:10)
  24 yaks
  Eustachio (D:4)
  2 steam dragons
  Grum (D:8)
  4 vampire mosquitoes
  8 water moccasins
  2 black bears
  A sky beast (D:8)
  4 orc warriors
  4 ice beasts (D:10)
  2 centaurs (D:7)
  5 wolves
  2 kobold brigands
  2 elf zombies (Ossuary)
  12 bullfrogs
  A gnoll sergeant (D:8)
  20 wights
  33 killer bees
  An electric eel (D:6)
  6 howler monkeys
  A jelly (D:5)
  7 orc priests
  A gnoll bouda (D:6)
  3 hounds
  A human zombie (Ossuary)
  Ijyb (D:3)
  2 iguanas (D:5)
  13 orc wizards
  A hound zombie (Ossuary)
  4 mummies (Ossuary)
  Robin (D:3)
  7 gnolls
  4 adders
  2 river rats (D:6)
  4 shadow imps
  An ufetubus (D:6)
  2 dart slugs
  68 orcs
  5 bats
  8 endoplasms
  6 giant cockroaches
  14 goblins
  8 hobgoblins
  7 jackals
  14 kobolds
  3 quokkas
  8 ball pythons
  2 frilled lizards
  A gnoll zombie (Ossuary)
  A goblin zombie (Ossuary)
  4 hobgoblin zombies (Ossuary)
  A jackal zombie (Ossuary)
  An orc zombie (Ossuary)
  13 rats
390 creatures vanquished.

Vanquished Creatures (others)
  A centaur (D:8)
  An orc wizard (D:8)
  An orc (D:8)
  5 fungi (Lair:2)
  15 plants
23 creatures vanquished.

Grand Total: 413 creatures vanquished

Notes
Turn   | Place    | Note
-------+----------+-------------------------------------------
     0 | D:1      | avis the Demigod Ice Elementalist began the quest for the
                  | Orb.
     0 | D:1      | Reached XP level 1. HP: 14/14 MP: 5/5
   747 | D:1      | Reached XP level 2. HP: 20/20 MP: 2/7
  1414 | D:2      | Found Sawaorera's Distillery.
  1522 | D:2      | Bought 2 potions of curing for 72 gold pieces
  1522 | D:2      | Bought a potion of heal wounds for 60 gold pieces
  1522 | D:2      | Bought a potion of flight for 36 gold pieces
  1522 | D:2      | Bought a potion of heal wounds for 60 gold pieces
  1551 | D:2      | Reached XP level 3. HP: 24/27 MP: 6/9
  1633 | D:2      | Reached skill level 1 in Fighting
  1807 | D:2      | Bought a potion of might for 48 gold pieces
  1837 | D:3      | Noticed Ijyb
  1860 | D:3      | Reached skill level 2 in Dodging
  1875 | D:3      | Killed Ijyb
  1882 | D:3      | Learned a level 3 spell: Frozen Ramparts
  1886 | D:3      | Learned a level 3 spell: Ozocubu's Armour
  2212 | D:3      | Reached XP level 4. HP: 26/36 MP: 3/10
  3153 | D:4      | Noticed Robin
  3551 | D:3      | Killed Robin
  3747 | D:4      | Noticed a black bear
  3768 | D:4      | Killed a black bear
  3769 | D:4      | Reached XP level 5. HP: 25/45 MP: 3/12
  3780 | D:4      | Noticed Eustachio
  3895 | D:4      | Killed Eustachio
  3896 | D:4      | Reached skill level 5 in Ice Magic
  3896 | D:4      | Reached XP level 6. HP: 52/52 MP: 1/13
  4191 | D:4      | Noticed Pikel
  4204 | D:4      | Killed Pikel
  4205 | D:4      | Reached skill level 4 in Dodging
  4205 | D:4      | Reached skill level 5 in Fighting
  4205 | D:4      | Reached skill level 1 in Ranged Weapons
  4205 | D:4      | Reached XP level 7. HP: 48/61 MP: 5/14
  4558 | D:2      | Bought 2 potions of heal wounds for 120 gold pieces
  4606 | D:5      | Entered Level 5 of the Dungeon
  5259 | D:5      | Reached XP level 8. HP: 63/67 MP: 10/15
  5413 | D:5      | Reached skill level 5 in Dodging
  5560 | D:6      | Noticed Grinder
  5586 | D:6      | Paralysed by Grinder for 2 turns
  5598 | D:6      | Killed Grinder
  5599 | D:6      | Reached skill level 6 in Dodging
  6006 | D:6      | You fall into a shaft and drop 1 floor!
  6041 | D:7      | Found a sand-covered staircase.
  6045 | Ossuary  | Entered an ossuary
  6518 | D:7      | Noticed a hornet
  6531 | D:7      | Paralysed by a hornet for 3 turns
  6540 | D:7      | Killed a hornet
  6541 | D:7      | Reached skill level 5 in Ranged Weapons
  6963 | D:6      | Reached XP level 9. HP: 28/73 MP: 1/16
  7702 | D:6      | Reached skill level 7 in Dodging
  8560 | D:7      | Found a staircase to the Ecumenical Temple.
  8566 | Temple   | Entered the Ecumenical Temple
  8887 | D:7      | Reached skill level 8 in Dodging
  9383 | D:8      | Noticed Grum
  9429 | D:8      | Killed Grum
  9746 | D:8      | Noticed Prince Ribbit
  9756 | D:8      | Killed Prince Ribbit
  9948 | D:8      | Reached skill level 9 in Dodging
 10294 | D:8      | Reached XP level 10. HP: 86/86 MP: 13/17
 10697 | D:9      | Reached skill level 10 in Dodging
 10700 | D:9      | Reached skill level 1 in Shields
 10910 | D:9      | Noticed a two-headed ogre
 10923 | D:9      | Killed a two-headed ogre
 11144 | D:9      | Reached skill level 1 in Long Blades
 11721 | D:9      | Found Cycic's General Store.
 11963 | D:10     | Entered Level 10 of the Dungeon
 12654 | D:10     | Found a staircase to the Orcish Mines.
 13129 | D:10     | Found a staircase to the Lair.
 13151 | D:10     | Reached XP level 11. HP: 94/94 MP: 16/19
 14079 | Lair:1   | Entered Level 1 of the Lair of Beasts
 14570 | Lair:1   | Reached skill level 11 in Dodging
 15404 | Lair:1   | Reached skill level 12 in Dodging
 15817 | Lair:1   | Reached skill level 5 in Shields
 17208 | Lair:2   | Found a staircase to the Snake Pit.
 17387 | Lair:2   | Noticed a five-headed hydra
 17403 | Lair:2   | Killed a five-headed hydra
 17489 | Lair:2   | Reached XP level 12. HP: 33/104 MP: 5/21
 17977 | Lair:2   | Reached skill level 5 in Long Blades
 18815 | Lair:2   | Found a staircase to the Swamp.
 19629 | Lair:2   | HP: 2/104 [death yak (14)]
 19636 | Lair:2   | Slain by a death yak

Illustrated notes

Levels and vault maps discovered:
D:1:      amcnicky_arrival_double_pillar, layout_loops_corners
D:2:      layout_rooms, basic_altar, serial_shops, shop_coins
D:3:      layout_basic, nicolae_overflow_hidden_temple, lemuel_crystal_altar,
          nicolae_qazlal_scattered_showers, dreamdust_princess_bridge, uniq_ijyb
D:4:      layout_rooms, kennysheep_okawaru_gauntlet, uniq_pikel, uniq_robin,
          uniq_eustachio
D:5:      layout_rooms
D:6:      layout_loops_ring, nicolae_elyvilon_temple_path,
          lightli_sewer_entry_pipes, kennysheep_generic_room_9, uniq_grinder
D:7:      layout_loops_corners, mainiacjoe_overflow_tiny_flanked,
          minmay_temple_entry_mist, enter_ossuary_5,
          amcnicky_mini_rare_corridor_liquid, kennysheep_generic_room_11
D:8:      layout_gridville, grunt_temple_overflow_open, uniq_grum,
          uniq_prince_ribbit1
D:9:      layout_loops_cross, nicolae_wu_jian_immortal_techniques, serial_shops,
          shop
D:10:     layout_stronghold, hellmonk_lair_entry_icy, hiddenorc2_lemuel
Temple:   chequers_temple_sunken
Lair:1:   layout_cave_pods, special_room [special_room_bee], grunt_megastairs_5
Lair:2:   layout_long_grid, minmay_swamp_entry_swarm,
          minmay_snake_entry_six_corridors, beast_lair_carwin_3
Lair:3:   layout_loops_ring

Skill      XL: |  1  2  3  4  5  6  7  8  9 10 11 12 |
---------------+-------------------------------------+-----
Ice Magic      | 4 5 6 |  6.0
Spellcasting   | 2 3 4 |  4.0
Fighting       | 2 3 4 5 6 7 8 9 |  9.0
Dodging        | 2 4 6 9 10 12 | 12.0
Stealth        | 2 |  2.0
Ranged Weapons | 1 4 6 |  6.9
Shields        | 4 6 |  6.0
Long Blades    | 4 8 |  8.0

Action                   |  1- 3 |  4- 6 |  7- 9 | 10-12 || total
-------------------------+-------+-------+-------+-------++-------
Melee: Short sword       |     9 |    40 |    22 |       ||    71
       Punch             |       |     1 |     1 |       ||     2
       Falchion          |       |       |       |   170 ||   170
 Fire: Sling             |     7 |    88 |   468 |   732 ||  1295
Throw: Stone             |     4 |       |       |       ||     4
 Cast: Freeze            |    62 |     2 |     3 |     1 ||    68
       Frozen Ramparts   |     1 |    21 |    69 |   132 ||   223
       Ozocubu's Armour  |       |     9 |    38 |    67 ||   114
  Use: Scroll            |       |       |     8 |     3 ||    11
       Potion            |       |       |     8 |     5 ||    13
 Stab: Sleeping          |     3 |       |       |       ||     3
Armor: Robe              |     5 |    34 |   129 |    75 ||   243
Dodge: Dodged            |    22 |    80 |   618 |   798 ||  1518
Block: Buckler           |       |       |       |   228 ||   228

Table legend: (Time is in decaauts)
 A = Elapsed time spent in this place.
 B = Non-inter-level travel time spent in this place.
 C = Inter-level travel time spent in this place.
 D = Time resting spent in this place.
 E = Time spent auto-exploring this place.
 F = Levels seen in this place.
 G = Mean time per level.
                   A        B        C        D        E       F      G
               +--------+--------+--------+--------+--------+-----+--------+
         Total |  19898 |  18571 |   1327 |   7678 |   6040 |  15 | 1326.5 |
       Dungeon |  14012 |  12925 |   1087 |   4840 |   4785 |  10 | 1401.2 |
        Temple |     47 |     43 |      4 |      0 |      0 |   1 |   47.0 |
          Lair |   5494 |   5258 |    236 |   2746 |   1254 |   3 | 1831.3 |
       Ossuary |    344 |    344 |      0 |     92 |      0 |   1 |  344.0 |
               +--------+--------+--------+--------+--------+-----+--------+

Top non-repeatable levels by time:
  Lair:1: 3152 daAuts
  Lair:2: 2207 daAuts
     D:9: 1802 daAuts
     D:3: 1789 daAuts
     D:6: 1752 daAuts
     D:7: 1703 daAuts
    D:10: 1669 daAuts
     D:8: 1394 daAuts
     D:1: 1215 daAuts
     D:5: 1026 daAuts
     D:4: 907 daAuts
     D:2: 750 daAuts
 Ossuary: 344 daAuts
  Lair:3: 133 daAuts
  Temple: 47 daAuts
